 Dungeon Crawl Stone Soup version 0.29.1-15-g9cfb28693d (webtiles) character file.

Game seed: 12741296318817977990

2629 Ape3scape the Conjurer (level 9, -9/68 HPs)
             Began as a White Draconian Conjurer on Mar 7, 2023.
             Was a Follower of Kikubaaqudgha.
             Mangled by an orc warrior
             ... wielding a +0 dire flail
              (11 damage)
             ... on level 9 of the Dungeon.
             The game lasted 00:56:17 (9493 turns).

Ape3scape the Conjurer (White Draconian Conjurer)   Turns: 9493, Time: 00:56:17

Health: -9/68      AC: 10    Str: 15    XL:     9   Next: 35%
Magic:  23/25      EV: 27    Int: 30    God:    Kikubaaqudgha [*.....]
Gold:   279        SH:  0    Dex:  9    Spells: 1/17 levels left

rFire   . . .      SeeInvis .   o - +7 dagger of the Scavenger {flame, rC- Str+4 Int+2}
rCold   . . .      Faith    .   (no shield)
rNeg    . . .      Spirit   .   (body armour unavailable)
rPois   .          Reflect  .   (helmet restricted)
rElec   .          Harm     .   (no cloak)
rCorr   .          Rampage  .   (no gloves)
Will    .....                   m - +2 pair of boots
Stlth   ++........              x - amulet of the acrobat
HPRegen 0.21/turn               w - ring of magical power
MPRegen 0.19/turn               S - +6 ring of intelligence

@: about to teleport, acrobatic
A: breathe frost, AC +7, unfitting armour, cold resistance 1, cold-blooded
a: Breathe Frost, Renounce Religion, Unearth Wretches


You were on level 9 of the Dungeon.
You worshipped Kikubaaqudgha.
Kikubaaqudgha was aware of your devotion.
You visited 2 branches of the dungeon, and saw 10 of its levels.

You collected 279 gold pieces.

Inventory:

Hand Weapons
 c - a +0 dagger
 d - a +0 dagger
 g - a +0 halberd
 h - a +0 war axe
 i - a +0 sling
 k - a +0 short sword
 l - a +0 short sword
 o - the +7 dagger of the Scavenger (weapon) {flame, rC- Str+4 Int+2}
   (You found it on level 2 of the Dungeon)

   It burns those it strikes, dealing additional fire damage.
   Str:       It affects your strength (+4).
   Int:       It affects your intelligence (+2).
   rC:        It makes you vulnerable to cold.
 r - a +1 whip of freezing
 z - a +0 short sword
 B - a +0 quarterstaff
 K - a +0 giant club
 M - a +0 shortbow
 O - a +3 battleaxe
Missiles
 b - 5 large rocks
 f - 35 stones
 n - 2 boomerangs
 s - 7 curare-tipped darts
 D - 2 javelins
Armour
 e - a +0 robe
 m - a +2 pair of boots (worn)
 t - the +1 robe "Bokk" {-Tele Str+3 Int+2 Archmagi}
   (You found it on level 2 of the Dungeon)

   Str:       It affects your strength (+3).
   Int:       It affects your intelligence (+2).
   -Tele:     It prevents most forms of teleportation.
   Archmagi:  It increases the power of your magical spells.
 G - the +5 ring mail of the Zealous God {Dex+4 Slay+2}
   (You found it on level 5 of the Dungeon)

   Dex:       It affects your dexterity (+4).
   Slay:      It affects your accuracy & damage with ranged weapons and melee
   (+2).
 P - +0 steam dragon scales
Magical Staves
 F - a staff of death
Jewellery
 w - a ring of magical power (left hand)
 x - an amulet of the acrobat (around neck)
 E - an amulet of guardian spirit
 L - a ring of positive energy
 S - a +6 ring of intelligence (right hand)
Wands
 y - a wand of iceblast (4)
 A - a wand of charming (4)
 J - a wand of acid (12) (quivered)
Scrolls
 I - a scroll of teleportation
Potions
 a - a potion of magic
 j - a potion of curing
 p - a potion of degeneration
 q - a potion of resistance {unknown}
 u - a potion of invisibility {unknown}
 C - a potion of attraction {unknown}
Miscellaneous
 Q - a condenser vane


   Skills:
 + Level 2.9 Fighting
 * Level 5.2 Short Blades
 + Level 0.8 Throwing
 + Level 4.3 Dodging
 + Level 3.5 Stealth
 + Level 4.9 Spellcasting
 * Level 7.1 Conjurations
 + Level 1.1 Hexes
 * Level 4.8 Necromancy
 + Level 1.7 Evocations


You had one spell level left.
You knew the following spells:

 Your Spells              Type           Power      Damage    Failure   Level
a - Magic Dart            Conj           100%       1d8       1%          1
b - Necrotise             Necr           100%       1d9       1%          1
c - Searing Ray           Conj           100%       2d8       1%          2
d - Vampiric Draining     Necr           36%        2d8       2%          3
e - Dazzling Flash        Conj/Hex       64%        N/A       3%          3
f - Simulacrum            Ice/Necr       11%        N/A       97%         6

Your spell library contained the following spells:

 Spells                   Type           Power      Damage    Failure   Level
 Animate Dead             Necr           36%        N/A       8%          4
 Fulminant Prism          Conj/Hex       16%        3d11      11%         4
 Hailstorm                Conj/Ice       29%        3d8       13%         4
 Iskenderun's Mystic Bla  Conj/Tloc      29%        2d7       13%         4
 Anguish                  Hex/Necr       12%        N/A       17%         4
 Gell's Gravitas          Tloc           7%         N/A       19%         3
 Lesser Beckoning         Tloc           7%         N/A       19%         3
 Teleport Other           Tloc           7%         N/A       19%         3
 Ice Form                 Ice/Tmut       7%         N/A       52%         4
 Dispersal                Tloc           3%         N/A       100%        6


Dungeon Overview and Level Annotations

Branches:
Dungeon (9/15)             Temple (1/1) D:4            Lair (0/5) D:9
    Orc: D:9-12

Altars:
Ashenzari
Cheibriados
Dithmenos
Elyvilon
Gozag
Hepliaklqana
Kikubaaqudgha
Makhleb
Nemelex Xobeh
Okawaru
Qazlal
Ru
Sif Muna
Trog
Uskayaw
Vehumet
Wu Jian
Xom
Yredelemnul
Zin
The Shining One

Shops:
D:1 (   D:9 ?

Annotations:
D:6 3 runed translucent doors, bnorton916's ghost, novice DEFE
D:9 exclusion: statue


Innate Abilities, Weirdness & Mutations

You can breathe waves of freezing cold which knock back foes.
Your icy white scales are hard. (AC +7)
You cannot fit into any form of body armour.
Your flesh is cold resistant. (rC+)
You are cold-blooded and may be slowed by cold attacks.


Message History

The searing ray hits the death yak!
The death yak is moderately wounded.
You finish channelling your searing ray.
The death yak barely misses you. The death yak misses you.
The death yak misses you. The death yak gores you!!
The death yak attacks as you move away! The death yak gores you!!
As you read the scroll of fear, it crumbles to dust.
You assume a fearsome visage.
The death yak resists with almost no effort.
The death yak looks frightened!
The death yak resists with almost no effort.
The death yak gores you!
* * * LOW HITPOINT WARNING * * *
Blink to where?
Press: ? - help, Dir - move target, p - death yak
Okay, then.
Blink to where?
Press: ? - help, Dir - move target, p - death yak
As you read the scroll of blinking, it crumbles to dust.
As you read the scroll of teleportation, it crumbles to dust.
You feel strangely unstable.
Your surroundings suddenly seem different.
Found a blue potion.
As you read the scroll of teleportation, it crumbles to dust.
You feel strangely unstable.
Your surroundings suddenly seem different.
An orc warrior and 2 orcs come into view.
The orc warrior shouts!
The orc shouts!
The orc hits you but does no damage. The orc warrior completely misses you.
As you read the scroll of teleportation, it crumbles to dust.
You feel strangely unstable. The orc hits you but does no damage.
The orc warrior hits you with a +0 dire flail.
* * * LOW HITPOINT WARNING * * *
The orc shouts!
The orc warrior hits you with a +0 dire flail!
* * * LOW HITPOINT WARNING * * *
The orc warrior attacks as you move away!
The orc warrior hits you with a +0 dire flail!
You die...
Kikubaaqudgha rasps: "You have failed me!
Welcome... death!"

######.....##
......... #
##....... .#
#....
#####.###
#....
#.......#
#....
#.......#
#....
#.o.....#
#....
#@o.....#
#####
#.o.....#
#####+###


You could see an orc warrior and 2 orcs.

Vanquished Creatures
  Pikel (D:4)
  2 wyverns (D:9)
  Menkaure (D:6)
  A steam dragon (D:8)
  2 sky beasts
  2 black bears
  2 centaurs (D:7)
  An ogre (D:6)
  3 phantoms
  A lemure (D:4)
  A bullfrog (D:6)
  2 scorpions
  A necrophage (D:4)
  3 wights (D:8)
  3 jellies
  A human zombie (D:4)
  An orc priest (D:4)
  2 hounds (D:5)
  6 iguanas
  5 adders
  3 gnolls (D:5)
  A white imp (D:6)
  3 ufetubi
  A worm (D:6)
  3 dart slugs
  7 orcs
  5 ball pythons
  5 bats
  2 endoplasms (D:1)
  A giant cockroach (D:1)
  6 goblins
  5 hobgoblins
  4 jackals
  2 quokkas
  2 frilled lizards
  A goblin zombie (D:4)
  A hobgoblin zombie (D:4)
  5 kobolds
  An orc zombie (D:4)
  A quokka zombie (D:3)
  5 rats
105 creatures vanquished.

Vanquished Creatures (others)
  A howler monkey (D:7)
  2 adders
  An orc (D:5)
  An endoplasm (D:6)
  A goblin (D:5)
  11 plants
17 creatures vanquished.

Grand Total: 122 creatures vanquished

Notes
Turn   | Place    | Note
-------+----------+-------------------------------------------
     0 | D:1      | Ape3scape the Draconian Conjurer began the quest for the
                  | Orb.
     0 | D:1      | Reached XP level 1. HP: 14/14 MP: 3/3
    63 | D:1      | Found a faded altar of an unknown god.
    77 | D:1      | Prayed at the altar of an unknown god.
    77 | D:1      | Became a worshipper of Kikubaaqudgha
    77 | D:1      | Reached * piety under Kikubaaqudgha
    77 | D:1      | Received a gift from Kikubaaqudgha
   214 | D:1      | Learned a level 1 spell: Necrotise
   748 | D:1      | Reached XP level 2. HP: 20/20 MP: 0/5
   930 | D:1      | Learned a level 2 spell: Searing Ray
  1237 | D:1      | Found Acuso's Weapon Emporium.
  1605 | D:2      | Reached XP level 3. HP: 26/26 MP: 3/6
  1937 | D:2      | Identified the +7 dagger of the Scavenger {flame, rC- Str+4
                  | Int+2}
  2094 | D:3      | Reached skill level 1 in Short Blades
  2346 | D:3      | Reached skill level 1 in Necromancy
  2660 | D:2      | Identified the +1 robe "Bokk" {-Tele Str+3 Int+2 Archmagi}
  3062 | D:4      | Found a sand-covered staircase.
  3067 | D:4      | Reached XP level 4. HP: 33/33 MP: 7/7
  3079 | D:4      | Reached ** piety under Kikubaaqudgha
  3232 | D:4      | Learned a level 3 spell: Vampiric Draining
  3281 | D:4      | Found a staircase to the Ecumenical Temple.
  3283 | D:4      | Noticed a necrophage
  3294 | D:4      | Killed a necrophage
  3295 | D:4      | Reached XP level 5. HP: 27/39 MP: 7/8
  3475 | Temple   | Entered the Ecumenical Temple
  4422 | D:4      | Noticed Pikel
  4422 | D:4      | Noticed a lemure
  4422 | D:4      | Noticed a lemure
  4422 | D:4      | Noticed a lemure
  4422 | D:4      | Noticed a lemure
  4440 | D:4      | Killed a lemure
  4491 | D:4      | Killed Pikel
  4492 | D:4      | Reached skill level 1 in Fighting
  4492 | D:4      | Reached skill level 5 in Conjurations
  4492 | D:4      | Reached XP level 6. HP: 10/47 MP: 1/10
  4492 | D:4      | Your scales start taking on an icy white colour.
  4492 | D:4      | Reached XP level 7. HP: 11/52 MP: 1/11
  4492 | D:4      | Gained mutation: Your flesh is cold resistant. (rC+) [White
                  | Draconian growth]
  4904 | D:4      | Learned a level 3 spell: Dazzling Flash
  4965 | D:5      | Entered Level 5 of the Dungeon
  5449 | D:5      | Found a burning altar of Makhleb.
  5748 | D:5      | Reached XP level 8. HP: 53/61 MP: 10/13
  6034 | D:5      | Identified the +5 ring mail of the Zealous God {Dex+4
                  | Slay+2}
  6445 | D:6      | Found a glowing golden altar of the Shining One.
  6560 | D:6      | Reached skill level 6 in Conjurations
  6636 | D:6      | Reached skill level 1 in Evocations
  7468 | D:6      | Found a shadowy altar of Dithmenos.
  7524 | D:6      | Noticed Menkaure
  7538 | D:6      | Killed Menkaure
  7539 | D:6      | Reached skill level 1 in Hexes
  7955 | D:6      | Found a runed translucent gate.
  7967 | D:6      | Found a runed translucent gate.
  7967 | D:6      | Found a runed translucent gate.
  7967 | D:6      | Noticed bnorton916's ghost (novice DEFE)
  7968 | D:6      | Noticed a kobold demonologist
  8246 | D:7      | Found a snail-covered altar of Cheibriados.
  8253 | D:7      | Reached XP level 9. HP: 49/68 MP: 15/15
  8749 | D:8      | Reached skill level 5 in Short Blades
  8914 | D:8      | Found a blossoming altar of Fedhas.
  8916 | D:8      | Found a radiant altar of Vehumet.
  8916 | D:8      | Found a glowing silver altar of Zin.
  8918 | D:8      | Found a radiant altar of Vehumet.
  8918 | D:8      | Found a basalt altar of Yredelemnul.
  8918 | D:8      | Found a shimmering altar of Xom.
  8966 | D:8      | Reached skill level 7 in Conjurations
  8986 | D:8      | Learned a level 6 spell: Simulacrum
  9096 | D:9      | Found a radiant altar of Vehumet.
  9454 | D:9      | Found Fogutaoq's Magic Scroll Boutique.
  9468 | D:9      | Noticed a death yak
  9471 | D:9      | Noticed a death yak
  9472 | D:9      | Found a staircase to the Lair.
  9472 | D:9      | Noticed a death yak
  9475 | D:9      | Noticed a death yak
  9492 | D:9      | HP: 2/68 [orc warrior/+0 dire flail (9)]
  9493 | D:9      | Mangled by an orc warrior

Illustrated notes

Levels and vault maps discovered:
D:1:      zaba_arrival_water, layout_loops_ring, serial_forest,
          infiniplex_forest_lined_room_2, infiniplex_forest_lined_3_way,
          infiniplex_forest_side_room, infiniplex_forest_clump_large,
          infiniplex_forest_lined_1, infiniplex_forest_clump_small,
          serial_shops, nicolae_shop_advertising_works
          [nicolae_subvault_shop_adworks], ebering_ecumenical_altar_hall,
          minmay_pentomino_u4
D:2:      layout_basic
D:3:      layout_basic, marbit_many_paths, nicolae_yredelemnul_corpse_copse
D:4:      layout_gridville, minmay_temple_entry_trees, enter_ossuary_3,
          uniq_pikel
D:5:      cheibrodos_iron_armory, layout_cave_pools, bloody_makhleb,
          serial_bayou_lake_a
D:6:      layout_cave_pools, lemuel_round_altar, lemuel_crystal_altar,
          gammafunk_ghost_nasty_kobolds, uniq_menkaure
D:7:      layout_gridville, mainiacjoe_overflow_concentric_impassable,
          chequers_serial_rivers_room_a, uniq_crazy_yiuf_cottage
D:8:      layout_cave_pods, doesnt_xom_only_xom, serial_shops, shop,
          uniq_prince_ribbit1
D:9:      minmay_razor_zed, layout_basic, vehumet_statue, dpeg_lair_monsters,
          serial_shops, nicolae_shop_waterfront
Temple:   nicolae_temple_great_sept

Skill      XL: |  1  2  3  4  5  6  7  8  9 |
---------------+----------------------------+-----
Dodging        | 2 3 4 |  4.3
Stealth        | 2 3 |  3.5
Short Blades   | 1 2 3 4 5 |  5.2
Necromancy     | 1 2 3 4 |  4.8
Fighting       | 1 2 |  2.9
Spellcasting   | 3 4 |  4.9
Conjurations   | 5 6 7 |  7.1
Evocations     | 1 |  1.7
Hexes          | 1 |  1.1
Throwing       | |  0.8

Action                   |  1- 3 |  4- 6 |  7- 9 || total
-------------------------+-------+-------+-------++-------
Melee: Dagger            |   127 |    10 |    69 ||   206
       Tailslap          |    22 |     2 |    17 ||    41
       Punch             |     2 |     1 |       ||     3
       Short sword       |    14 |       |       ||    14
       Staff             |       |       |    43 ||    43
Throw: Stone             |    21 |       |       ||    21
 Cast: Magic Dart        |    41 |    14 |    27 ||    82
       Necrotise         |     8 |       |     8 ||    16
       Searing Ray       |     3 |    13 |    33 ||    49
       Vampiric Draining |       |       |     7 ||     7
       Dazzling Flash    |       |       |     3 ||     3
Invok: Unearth Wretches  |       |       |     4 ||     4
 Abil: Breathe Frost     |       |       |     8 ||     8
Evoke: Wand              |       |     3 |    14 ||    17
  Use: Potion            |     3 |     3 |     1 ||     7
       Scroll            |     6 |     4 |    10 ||    20
 Stab: Paralysed         |       |       |     1 ||     1
Armor: Skin              |    63 |     4 |    59 ||   126
Dodge: Dodged            |   108 |    20 |   196 ||   324
